 Dungeon Crawl Stone Soup version 0.24.0-13-gcf9b3192b9 (webtiles) character file.

Game seed: 4525311370769397038, levelgen mode: deterministic

30 Metae the Charmwright (level 3, -3/29 HPs)
             Began as a Merfolk Skald on Nov 10, 2019.
             Slain by a worm (11 damage)
             ... on level 2 of the Dungeon.
             The game lasted 00:06:35 (1466 turns).

Metae the Charmwright (Merfolk Skald)               Turns: 1466, Time: 00:06:36

Health: -3/29      AC:  3    Str: 12    XL:     3   Next: 20%
Magic:  4/7        EV: 12    Int: 12    God:
Gold:   81         SH:  0    Dex: 13    Spells: 6/7 levels left

rFire    . . .     SeeInvis .   m - +0 mace (holy)
rCold    . . .     Gourm    .   (no shield)
rNeg     . . .     Faith    .   b - +0 leather armour
rPois    .         Spirit   .   (no helmet)
rElec    .         Reflect  .   (no cloak)
rCorr    .         Harm     .   (no gloves)
MR       .....                  (no boots)
Stlth    +.........             (no amulet)
HPRegen  0.09/turn              (no ring)
MPRegen  0.10/turn              (no ring)

@: no status effects
A: change form in water, swift swim, stealthy swim
a: no special abilities


You were on level 2 of the Dungeon.
You were not hungry.

You visited 1 branch of the dungeon, and saw 2 of its levels.

You collected 81 gold pieces.

Inventory:

Hand Weapons
 a - a +0 spear
 l - a +2 flail of protection
 m - a +0 mace of holy wrath (weapon)
Armour
 b - a +0 leather armour (worn)
 e - a +0 ring mail
 g - a +0 scale mail
Scrolls
 c - a scroll of identify
 h - a scroll of teleportation {unknown}
 i - a scroll of remove curse
Potions
 f - a potion of flight {unknown}
 j - a potion of haste
Comestibles
 d - 2 rations
 k - 5 chunks of flesh


   Skills:
 + Level 3.1 Fighting
 - Level 3.0 Polearms
 - Level 0.6 Armour
 - Level 2.6 Dodging
 + Level 2.7 Spellcasting
 - Level 3.2 Charms


You had 6 spell levels left.
You knew the following spells:

 Your Spells              Type           Power        Failure   Level  Hunger
a - Infusion              Chrm           #...         9%          1    #......

Your spell library contained the following spells:

 Spells                   Type           Power        Failure   Level  Hunger
 Song of Slaying          Chrm           #.......     13%         2    ###....
 Shroud of Golubria       Chrm/Tloc      #.....       26%         2    ###....
 Regeneration             Chrm/Necr      #.........   45%         3    ###....
 Spectral Weapon          Hex/Chrm       #.......     45%         3    ###....


Dungeon Overview and Level Annotations

Branches:
Dungeon (2/15)

Altars:


Message History

Found a scroll labeled XIADOSE YSOCS.
The worm closely misses you.
You are too injured to fight recklessly!
You are too injured to fight recklessly!
You are too injured to fight recklessly!
You hit the worm.
The worm is lightly wounded.
The worm bites you.
You barely miss the worm. You hit the worm.
The worm is lightly wounded.
The worm bites you.
* * * LOW HITPOINT WARNING * * *
You sock the worm!
The worm is heavily wounded.
The worm closely misses you.
You completely miss the worm.
The worm is heavily wounded.
The worm bites you!
You die...

...... ......#
....... ... .......
.... ##..... .....
....... ....#
..?...w###....#
#####....@.......
##...##..#.....###
##.##..## #..#.....
##.####.÷###[...>...
#÷...###.÷##[###[...
#..÷.##..###)# ...
###....#..###.###...#
#.#†..##÷.#........##
#.#####..##..........


You could see a worm.

Vanquished Creatures
  A dart slug (D:1)
  A leopard gecko (D:1)
  3 orcs (D:2)
  A ball python (D:1)
  2 hobgoblins
  2 bats (D:1)
  2 frilled lizards
  4 goblins (D:1)
  6 kobolds
  3 rats (D:1)
25 creatures vanquished.

Notes
Turn   | Place    | Note
-------+----------+-------------------------------------------
     0 | D:1      | Metae the Merfolk Skald began the quest for the Orb.
     0 | D:1      | Reached XP level 1. HP: 16/16 MP: 3/3
   394 | D:1      | Reached XP level 2. HP: 22/23 MP: 5/5
  1382 | D:2      | Reached XP level 3. HP: 29/29 MP: 6/6
  1466 | D:2      | Slain by a worm

Levels and vault maps discovered:
D:1:      erik_arrival_cave_to_civilisation [erik_arrival_cave_to_hall],
          layout_basic, minmay_cut_off
D:2:      layout_basic, wander_ebering_terrifying_dragon_lair,
          uniq_crazy_yiuf_cottage, uniq_natasha

Skill      XL: |  1  2 |
---------------+-------+-----
Fighting       | 3 |  3.1
Polearms       | |  3.0
Armour         | |  0.6
Dodging        | |  2.6
Spellcasting   | |  2.7
Charms         | |  3.2

Action                   || total
-------------------------++-------
Melee: Spear             ||    81
       Mace              ||     5
 Cast: Infusion          ||     3
  Use: Scroll            ||     2
 Stab: Sleeping          ||     2
  Eat: Ration            ||     1
Armor: Leather armour    ||    13
Dodge: Dodged            ||    41
